 Dungeon Crawl Stone Soup version 0.26.0-18-gc5c842f807 (webtiles) character file.

Game seed: 7423213450865436719

186 zcampers the Digger (level 5, -2/28 HPs)
             Began as a Gargoyle Earth Elementalist on Jan 23, 2021.
             Killed by divine providence
             ... invoked by an orc priest
              (17 damage)
             ... on level 3 of the Dungeon.
             The game lasted 00:04:19 (2201 turns).

zcampers the Digger (Gargoyle Earth Elementalist)   Turns: 2201, Time: 00:04:20

Health: -2/28      AC:  6    Str: 12    XL:     5   Next: 66%
Magic:  7/9        EV: 12    Int: 16    God:
Gold:   188        SH:  0    Dex: 10    Spells: 8/9 levels left

rFire    . . .     SeeInvis .   h - +0 whip
rCold    + . .     Faith    .   (no shield)
rNeg     + . .     Spirit   .   c - +0 robe
rPois    ∞         Reflect  .   (no helmet)
rElec    +         Harm     .   (no cloak)
rCorr    .         Rampage  .   (no gloves)
Will     .....                  (no boots)
Stlth    ++........             (no amulet)
HPRegen  0.09/turn              i - ring of protection from cold
MPRegen  0.11/turn              (no ring)

@: no status effects
A: negative energy resistance 1, electricity resistance, unbreathing,
petrification resistance, miasma immunity, AC +4
a: no special abilities


You were on level 3 of the Dungeon.
You visited 1 branch of the dungeon, and saw 3 of its levels.

You collected 188 gold pieces.

Inventory:

Hand Weapons
 h - a +0 whip (weapon)
Missiles
 b - 107 stones
Armour
 c - a +0 robe (worn)
Jewellery
 i - a ring of protection from cold (left hand)
Scrolls
 d - 2 scrolls of remove curse {unknown}
 e - a scroll of teleportation {unknown}
 g - 4 scrolls of identify {unknown}
 k - a scroll of amnesia {unknown}
 l - a scroll of fear {unknown}
 n - a scroll of magic mapping {unknown}
Potions
 a - 2 potions of flight {unknown}
 f - 3 potions of heal wounds {unknown}
 j - a potion of degeneration {unknown}
 m - 2 potions of curing {unknown}
 o - a potion of lignification {unknown}
 p - a potion of invisibility {unknown}


   Skills:
 + Level 0.3 Maces & Flails
 + Level 2.4 Dodging
 + Level 3.5 Stealth
 + Level 2.9 Spellcasting
 + Level 2.0 Transmutations
 + Level 4.6 Earth Magic


You had 8 spell levels left.
You knew the following spells:

 Your Spells              Type           Power        Failure   Level
a - Sandblast             Erth           34%          2%          1

Your spell library contained the following spells:

 Spells                   Type           Power        Failure   Level
 Passwall                 Tmut/Erth      10%          8%          2
 Stone Arrow              Conj/Erth      18%          22%         3
 Petrify                  Tmut/Erth      13%          43%         4
 Lee's Rapid Deconstruct  Erth           8%           61%         5


Dungeon Overview and Level Annotations

Branches:
Dungeon (3/15)

Altars:
Kikubaaqudgha
Makhleb
Xom


Innate Abilities, Weirdness & Mutations

You are resistant to torment.
Your stone body is resilient. (AC +4)
You are immune to poison.
You resist negative energy. (rN+)
You are resistant to electric shocks. (rElec)
You can survive without breathing.
You are immune to petrification.
You are immune to miasma.


Message History

A bat comes into view.
The kobold shouts!
The giant cockroach completely misses you.
The bat closely misses you.
The giant cockroach waves its antennae.
The giant cockroach bites you but does no damage.
The giant cockroach bites you but does no damage.
Okay, then.
Unknown command.
The blast of sand hits the giant cockroach!
You kill the giant cockroach!
The bat completely misses you. The bat hits you but does no damage.
The orc priest mumbles some strange prayers to Beogh against you.
Beogh smites you!
The blast of sand hits the bat!
You kill the bat!
The orc priest calls down the wrath of Beogh upon you.
Beogh smites you!
Ouch! That really hurt!
You die...

########..### ##.#
#.# #.# #.# #)## #.#
#..# #.# ##.###.#
#..##.# ##.##.# ....
#######.##@# ......
.........#.# ......
.........#o# ....#
.........#K# ....#
.........o.##....#
...........o.o)..#
.#######.........###
#...........#
#..>........#


You could see an orc priest, 2 orcs and a kobold.

Vanquished Creatures
  Jessica (D:2)
  Natasha (twice) (D:2)
  4 adders
  An ooze (D:3)
  2 worms (D:3)
  5 dart slugs
  3 leopard geckos
  3 bats
  A giant cockroach (D:3)
  14 goblins
  4 hobgoblins (D:1)
  2 jackals (D:1)
  6 kobolds
  A quokka (D:2)
  A ball python (D:1)
  8 rats
58 creatures vanquished.

Notes
Turn   | Place    | Note
-------+----------+-------------------------------------------
     0 | D:1      | zcampers the Gargoyle Earth Elementalist began the quest
                  | for the Orb.
     0 | D:1      | Reached XP level 1. HP: 10/10 MP: 3/3
    98 | D:1      | Reached skill level 1 in Transmutations
    98 | D:1      | Reached XP level 2. HP: 15/15 MP: 0/5
   524 | D:1      | Reached XP level 3. HP: 19/19 MP: 4/6
   662 | D:1      | Reached skill level 4 in Earth Magic
  1064 | D:2      | Found an ancient bone altar of Kikubaaqudgha.
  1233 | D:2      | Found a burning altar of Makhleb.
  1237 | D:2      | Found a shimmering altar of Xom.
  1270 | D:2      | Noticed Natasha
  1275 | D:2      | Killed Natasha
  1276 | D:2      | Reached XP level 4. HP: 24/24 MP: 4/7
  1357 | D:2      | Noticed Jessica
  1364 | D:2      | Killed Jessica
  1438 | D:2      | Reached XP level 5. HP: 25/28 MP: 6/9
  1680 | D:2      | Noticed Natasha
  1686 | D:2      | Killed Natasha
  2201 | D:3      | Killed from afar by an orc priest

Illustrated notes

Levels and vault maps discovered:
D:1:      dpeg_arrival_round_b, layout_rooms
D:2:      layout_loops_corners, minitemple, nicolae_overflow_crystal_walls,
          uniq_natasha, uniq_jessica
D:3:      layout_basic, nzn_hepliaklqana_mist_gate, led_sif_pool

Skill      XL: |  1  2  3  4  5 |
---------------+----------------+-----
Transmutations | 1 2 |  2.0
Earth Magic    | 4 |  4.6
Dodging        | 2 |  2.4
Stealth        | 3 |  3.5
Maces & Flails | |  0.3
Spellcasting   | |  2.9

Action                   |  1- 3 |  4- 6 || total
-------------------------+-------+-------++-------
Melee: Whip              |    10 |       ||    10
       Unarmed           |     6 |       ||     6
       Short sword       |     1 |       ||     1
 Cast: Sandblast         |    48 |    34 ||    82
Armor: Robe              |     5 |     3 ||     8
Dodge: Dodged            |    17 |    12 ||    29
